AoeStats
← Kristian Hegaard

MegaRandom

511009932Analyzed
3v3 RM · 9h ago on Oct 3, 2026· 35m 55s· 6 players
Game mode
Random Map
Map size
Normal (6 player)
Population
200
Speed
Normal
Resources
Standard
Victory
Conquest
Starting age
Dark Age
Ending age
Imperial Age
RankedLock teamsTeams togetherTeam positionsShared explorationLock speedFull tech treeHidden civsTurbo modeCheats
Victory
Defeat
🇨🇳 Hindustanis · China
1094
+16
🇬🇧 Teutons · United Kingdom
1092
+16
🇨🇳 Ethiopians · China
1087
+16
🇫🇷 Byzantines · France
1154
-18
🇵🇱 Huns · Poland
1087
-16
🇩🇰 Italians · Denmark
1040
-41
哈哈哈
2:55 Loom
11:03 Feudal Age
13:28 Double-Bit Axe
17:06 Castle Age
17:22 Forging
17:12 Scale Mail Armor
19:39 Stone Mining
19:39 Gold Mining
23:34 Wheelbarrow
22:43 Horse Collar
25:17 Chain Mail Armor
25:37 Iron Casting
25:13 Heavy Plow
28:15 Gold Shaft Mining
30:59 Imperial Age
30:02 Stone Shaft Mining
32:27 Conscription
33:27 Blast Furnace
31:56 Elite Ghulam
32:08 Elite Ghulam
34:56 Ballistics
35:37 Chemistry
35:06 Bow Saw
leeroy kentins
0:51 Loom
10:19 Feudal Age
10:45 Double-Bit Axe
12:11 Wheelbarrow
14:05 Horse Collar
18:27 Castle Age
16:22 Town Watch
17:51 Stone Mining
19:44 Bow Saw
21:00 Stone Shaft Mining
20:44 Man-at-Arms
21:13 Arson
21:43 Forging
21:33 Scale Mail Armor
21:33 Long Swordsman
24:14 Squires
24:00 Gambesons
29:38 Imperial Age
28:10 Chain Mail Armor
29:09 Heavy Plow
29:35 Hand Cart
30:32 Iron Casting
30:32 Fortified Wall
30:06 Two-Handed Swordsman
31:09 Gold Mining
31:56 Conscription
32:14 Plate Mail Armor
32:23 Ballistics
33:07 Two-Man Saw
32:43 Siege Engineers
34:06 Blast Furnace
33:35 Elite Teutonic Knight
-路发888
4:21 Loom
11:06 Feudal Age
11:52 Gold Mining
11:47 Double-Bit Axe
11:43 Horse Collar
17:39 Castle Age
15:35 Fletching
15:45 Padded Archer Armor
18:46 Bow Saw
18:36 Heavy Plow
18:35 Bodkin Arrow
18:12 Crossbowman
21:55 Leather Archer Armor
23:26 Thumb Ring
24:05 Wheelbarrow
25:15 Hand Cart
26:05 Ballistics
26:58 Stone Mining
27:43 Gold Shaft Mining
32:53 Imperial Age
32:09 Murder Holes
32:56 Arbalester
34:38 Chemistry
34:12 Bracer
Kristian Hegaard
11:41 Loom
15:30 Feudal Age
16:59 Wheelbarrow
16:08 Horse Collar
16:15 Double-Bit Axe
16:40 Stone Mining
20:05 Castle Age
18:13 Padded Archer Armor
21:05 Hand Cart
20:59 Scale Barding Armor
21:12 Leather Archer Armor
21:20 Gold Mining
22:08 Stone Shaft Mining
21:25 Gold Mining
22:13 Bow Saw
22:07 Heavy Plow
23:53 Fletching
27:18 Imperial Age
27:37 Bodkin Arrow
28:03 Elite Genoese Crossbowman
29:03 Thumb Ring
29:46 Crossbowman
30:32 Bracer
32:54 Conscription
32:22 Town Watch
34:16 Two-Man Saw
33:48 Ring Archer Armor
zozolini
11:46 Feudal Age
11:54 Man-at-Arms
16:59 Castle Age
20:13 Fletching
21:55 Double-Bit Axe
23:02 Horse Collar
24:57 Husbandry
25:20 Ballistics
31:48 Imperial Age
29:55 Wheelbarrow
30:14 Elite Skirmisher
31:21 Bloodlines
30:31 Light Cavalry
32:39 Squires
32:00 Long Swordsman
32:42 Murder Holes
Grievous31
2:27 Loom
11:58 Feudal Age
13:00 Double-Bit Axe
14:20 Wheelbarrow
16:16 Castle Age
14:10 Horse Collar
15:53 Scale Barding Armor
16:50 Forging
17:09 Fletching
17:40 Bow Saw
16:54 Crossbowman
19:09 Thumb Ring
19:07 Padded Archer Armor
20:06 Hand Cart
20:32 Bodkin Arrow
22:11 Elite Skirmisher
23:29 Gold Mining
24:15 Leather Archer Armor
26:31 Ballistics
29:02 Imperial Age
27:02 Light Cavalry
28:10 Scale Mail Armor
30:46 Bracer
30:48 Man-at-Arms
32:13 Long Swordsman
Connection lost

Rejoining the realm…

Still unreachable

The connection could not be restored.

Session expired

The server has moved on; the page needs a fresh start.